 Dungeon Crawl Stone Soup version 0.27.0-1-g7a089689b8 (webtiles) character file.

Game seed: 1109290614872266308

270 dtburroughs the Skirmisher (level 6, -10/56 HPs)
             Began as a Minotaur Berserker on Aug 8, 2021.
             Was a Believer of Trog.
             Mangled by an ogre (25 damage)
             ... on level 4 of the Dungeon.
             The game lasted 00:03:19 (2767 turns).

dtburroughs the Skirmisher (Minotaur Berserker)     Turns: 2767, Time: 00:03:19

Health: -10/56     AC: 11    Str: 21    XL:     6   Next: 1%
Magic:  5/5        EV:  8    Int:  6    God:    Trog [**....]
Gold:   121        SH:  0    Dex: 10    Spells: 5/5 levels left

rFire    . . .     SeeInvis .   a - +0 hand axe
rCold    . . .     Faith    .   (no shield)
rNeg     . . .     Spirit   .   l - +0 chain mail
rPois    .         Reflect  .   (helmet restricted)
rElec    .         Harm     .   (no cloak)
rCorr    .         Rampage  .   o - +0 pair of gloves
Will     .....                  m - +0 pair of boots
Stlth    ..........             (no amulet)
HPRegen  0.18/turn              (no ring)
MPRegen  0.09/turn              (no ring)

@: on berserk cooldown
A: horns 2, retaliatory headbutt
a: Renounce Religion, Berserk, Trog's Hand


You were on level 4 of the Dungeon.
You worshipped Trog.
Trog was pleased with you.
You visited 1 branch of the dungeon, and saw 4 of its levels.

You collected 121 gold pieces.

Inventory:

Hand Weapons
 a - a +0 hand axe (weapon)
 g - a +0 flail
Armour
 b - a +0 animal skin
 h - a +0 scale mail
 l - a +0 chain mail (worn)
 m - a +0 pair of boots (worn)
 o - a +0 pair of gloves (worn)
Jewellery
 i - an amulet of the acrobat
 n - a +6 ring of strength
Scrolls
 e - 2 scrolls of teleportation {unknown}
Potions
 c - a potion of curing {unknown}
 d - 2 potions of heal wounds {unknown}
 f - 3 potions of might {unknown}
 j - a potion of lignification {unknown}
 k - 3 potions of haste


   Skills:
 + Level 5.1 Fighting
 + Level 5.1 Axes
 + Level 4.3 Armour
 + Level 3.8 Dodging


You had 5 spell levels left.
You didn't know any spells.
Your spell library was empty.

Dungeon Overview and Level Annotations

Branches:
Dungeon (4/15)
 Temple: D:4-7

Altars:
Ashenzari
Makhleb
Nemelex Xobeh
Yredelemnul

Shops:
D:1 :

Annotations:
D:3 3 runed translucent doors, barkas's ghost, amateur NaAM


Innate Abilities, Weirdness & Mutations

You have a pair of horns on your head.
You reflexively headbutt those who attack you in melee.


Message History

You slash the hound skeleton!
The hound skeleton is heavily damaged.
The hound skeleton barely misses you. You furiously retaliate!
You headbutt the hound skeleton! You hit the hound skeleton.
The hound skeleton is almost destroyed.
The hound skeleton bites you but does no damage.
You closely miss the hound skeleton. You headbutt the hound skeleton.
You destroy the hound skeleton!
Trog accepts your kill.
You are no longer berserk.
You are exhausted.
You feel yourself slow down.
An orc comes into view. It is wielding a +0 club.
You have reached level 6!
Your experience leads to an increase in your attributes!
Increase (S)trength, (I)ntelligence, or (D)exterity?
You feel clever.
You hit the endoplasm.
You kill the endoplasm!
Trog accepts your kill.
An ogre comes into view. It is wielding a +0 giant spiked club.
The orc hits you but does no damage.
The ogre shouts!
You hit the orc. You headbutt the orc.
You kill the orc!
Trog accepts your kill.
You hear the slow hiss of a very distant avalanche of sand.
Found a burning altar of Makhleb.
Items here: ))) [[ †††.
A hobgoblin comes into view.
The ogre barely misses you.
The ogre hits you with a +0 giant spiked club!
The ogre hits you with a +0 giant spiked club!!
The ogre hits you with a +0 giant spiked club!
* * * LOW HITPOINT WARNING * * *
Found 10 gold pieces.
You feel yourself speed up.
The ogre hits you with a +0 giant spiked club!!
You die...

#.# #.# #####.#
###.....#
#...#####
#.#.#########
#....)......##
#.####.####..##.#
#.##.....##.....#
# #....@O.#g###.#
#......g#.# #
......_.....#
#.#.......#.#
#.#.......#.#
##.....##..
###.####.## ...
..# .#.# ###


You could see an ogre and a hobgoblin.

Vanquished Creatures
  A necrophage (D:4)
  Jessica (D:3)
  Terence (D:3)
  An orc wizard (D:4)
  A hound skeleton (D:4)
  4 adders
  A dart slug (D:2)
  A worm (D:2)
  2 orcs (D:4)
  3 ball pythons (D:2)
  9 bats
  3 endoplasms
  A giant cockroach (D:3)
  4 goblins
  6 hobgoblins
  6 jackals
  3 kobolds
  A quokka (D:3)
  2 rats (D:1)
51 creatures vanquished.

Notes
Turn   | Place    | Note
-------+----------+-------------------------------------------
     0 | D:1      | dtburroughs the Minotaur Berserker began the quest for the
                  | Orb.
     0 | D:1      | Reached XP level 1. HP: 19/19 MP: 0/0
   214 | D:1      | Found a faded altar of an unknown god.
   324 | D:1      | Reached XP level 2. HP: 27/27 MP: 1/1
   535 | D:1      | Found Ytepluce's Book Boutique.
  1031 | D:2      | Reached XP level 3. HP: 33/33 MP: 2/2
  1231 | D:2      | Reached ** piety under Trog
  1838 | D:3      | Found a broken altar of Ashenzari.
  1866 | D:3      | Noticed Terence
  1880 | D:3      | Killed Terence
  1881 | D:3      | Reached XP level 4. HP: 41/41 MP: 3/3
  1960 | D:3      | Noticed Jessica
  1970 | D:3      | Killed Jessica
  2094 | D:3      | Found a large runed translucent door.
  2095 | D:3      | Found a large runed translucent door.
  2114 | D:3      | Found a runed translucent gate.
  2114 | D:3      | Found a runed translucent gate.
  2114 | D:3      | Found a runed translucent gate.
  2119 | D:3      | Noticed barkas's ghost (amateur NaAM)
  2303 | D:3      | Found a sparkling altar of Nemelex Xobeh.
  2315 | D:3      | Found a basalt altar of Yredelemnul.
  2321 | D:3      | Reached XP level 5. HP: 38/47 MP: 4/4
  2731 | D:4      | Noticed a necrophage
  2739 | D:4      | Killed a necrophage
  2740 | D:4      | Reached skill level 5 in Fighting
  2740 | D:4      | Reached skill level 5 in Axes
  2752 | D:4      | Reached XP level 6. HP: 55/56 MP: 5/5
  2754 | D:4      | Found a burning altar of Makhleb.
  2767 | D:4      | Mangled by an ogre

Illustrated notes

Levels and vault maps discovered:
D:1:      onia_arrival_mini_maze_b, layout_basic, serial_shops,
          nicolae_lakefront_shop, chequers_ecumenical_altar_simple
D:2:      layout_basic, grunt_ministairs_10
D:3:      layout_basic, ashenzari_altar_1, jmf_multi_god_temple2,
          gammafunk_ghost_split, uniq_jessica, uniq_terence
D:4:      layout_loops_ring, mainiacjoe_overflow_24_doors, old_standard_altar,
          nicolae_ossuary_entry_plus, serial_shops, shop, grunt_ministairs_4,
          uniq_pikel

Skill      XL: |  1  2  3  4  5 |
---------------+----------------+-----
Fighting       | 4 5 |  5.1
Axes           | 4 5 |  5.1
Armour         | 3 4 |  4.3
Dodging        | 3 |  3.8

Action                   |  1- 3 |  4- 6 || total
-------------------------+-------+-------++-------
Melee: Hand axe          |    71 |    45 ||   116
       Headbutt          |    12 |    10 ||    22
Invok: Berserk           |     2 |     1 ||     3
Armor: Animal skin       |     3 |       ||     3
       Scale mail        |    37 |       ||    37
       Chain mail        |     8 |    20 ||    28
Dodge: Dodged            |    55 |    19 ||    74
